 Dungeon Crawl Stone Soup version 0.21-a0-2-ge494091 (webtiles) character file.

36457 grindst0ne the Brawler (level 13, -5/130 HPs)
             Began as a Troll Monk on May 22, 2017.
             Was the Champion of Makhleb.
             Slain by Snorg (8 damage)
             ... on level 5 of the Lair of Beasts.
             The game lasted 00:50:09 (13526 turns).

grindst0ne the Brawler (Troll Monk)                Turns: 13526, Time: 00:50:10

Health: -5/130     AC: 15    Str: 26    XL:     13   Next: 53%
Magic:  12/12      EV: 14    Int:  6    God:    Makhleb [******]
Gold:   897        SH:  0    Dex: 14    Spells: 12/12 levels left

rFire    . . .     SeeInvis .     - Unarmed
rCold    + . .     Gourm    +   (no shield)
rNeg     . . .     Faith    +   z - +2 robe "Kaytho" {Regen+}
rPois    .         Spirit   .   s - +2 hat
rElec    .         Reflect  .   D - +2 cloak
rCorr    +         Harm     .   (gloves unavailable)
MR       ++...                  (boots unavailable)
Stlth    ++........             l - amulet of faith
Regen    1.2/turn               w - ring of protection from cold
MPRegen  0.2/turn               e - ring of Raocirei {rCorr MR+}

@: no status effects
A: unfitting armour, beak, claws 3, slimy green scales 1, agile 1, fast
metabolism 3, gourmand, magic resistance 1, regeneration 1, shaggy fur 2, tough
skin 2
a: Minor Destruction, Lesser Servant of Makhleb, Major Destruction, Greater
Servant of Makhleb, Renounce Religion


You were on level 5 of the Lair of Beasts.
You worshipped Makhleb.
Makhleb was exalted by your worship.
You were completely stuffed.

You visited 3 branches of the dungeon, and saw 17 of its levels.
You also visited: Labyrinth and Volcano.

You collected 897 gold pieces.

Inventory:

Hand Weapons
 Q - a +0 halberd of flaming
Missiles
 j - 4 large rocks (quivered)
Armour
 s - a +2 hat (worn)
 z - the +2 robe "Kaytho" (worn) {Regen+}
   (You found it on level 4 of the Lair of Beasts)

   It increases your rate of regeneration.
 D - a +2 cloak (worn)
 M - the +2 robe "Gogiaggo" {rC+}
   (You found it in a labyrinth)

   It protects you from cold.
Jewellery
 e - the ring of Raocirei (right claw) {rCorr MR+}
   (You acquired it on level 1 of the Lair of Beasts)

   [ring of resist corrosion]

   It affects your resistance to hostile enchantments.
 l - an amulet of faith (around neck)
 w - a ring of protection from cold (left claw)
Wands
 m - a wand of lightning (12/15)
 o - a wand of flame (27/48)
 q - a wand of digging (16/24)
 v - a wand of polymorph (4/24)
 y - a wand of flame (25/48)
 C - a wand of scattershot (3/9)
 E - a wand of disintegration (24/24)
 I - a wand of flame (39/48)
 K - a wand of disintegration (14/24)
 L - a wand of paralysis (9/24)
 O - a wand of confusion (27/48)
Scrolls
 f - 8 scrolls of remove curse
 h - a scroll of fog
 i - 3 scrolls of enchant armour
 n - 3 scrolls of teleportation
 p - 5 scrolls of amnesia
 A - 3 scrolls of enchant weapon
 G - 7 scrolls of identify
 H - a scroll of fear
 J - 5 scrolls of recharging
Potions
 c - 6 potions of agility
 d - 4 potions of flight
 r - 7 potions of curing
 u - 5 potions of brilliance
 x - a potion of cancellation
 F - a potion of invisibility
 R - 2 potions of resistance
Books
 B - a book of the Sky

   Spells                             Type                      Level
   a - Summon Lightning Spire         Summoning/Air                4
   b - Silence                        Hexes/Air                    5
   c - Deflect Missiles               Charms/Air                   6
   d - Conjure Ball Lightning         Conjuration/Air              6
   e - Tornado                        Air                          9
Miscellaneous
 N - a phial of floods
 P - a fan of gales
Comestibles
 a - 11 chunks of flesh
 b - 9 bread rations
 g - 6 royal jellies
 k - 11 fruits
 t - 8 meat rations


   Skills:
 - Level 8.9 Fighting
 - Level 8.0 Throwing
 + Level 7.8 Dodging
 - Level 1.0 Stealth
 * Level 16.7 Unarmed Combat


You had 12 spell levels left.
You didn't know any spells.

Dungeon Overview and Level Annotations

Branches:
Dungeon (11/15)            Temple (1/1) D:4            Lair (5/6) D:8
 Shoals (0/4) Lair:4        Snake (0/4) Lair:3        Slime (0/5) Lair:5
    Orc (0/2) D:9

Altars:
Ashenzari
Cheibriados
Dithmenos
Elyvilon
Fedhas
Gozag
Hepliaklqana
Kikubaaqudgha
Makhleb
Nemelex Xobeh
Okawaru
Qazlal
Ru
Sif Muna
Trog
Uskayaw
Vehumet
Wu Jian
Xom
Yredelemnul
Zin
The Shining One

Annotations:
D:9 2 transporters
Lair:5 Snorg


Innate Abilities, Weirdness & Mutations

You are too large for most types of armour.
You have claws for hands.
Your metabolism is lightning-fast.
You like to eat raw meat.
Your natural rate of healing is unusually fast.
You are covered in thick fur. (AC +2)
You have very tough skin. (AC +2)
You have a beak for a mouth.
You are partially covered in slimy green scales. (AC +2)
You are agile. (Dex +2)
You are resistant to hostile enchantments. (MR+)


Message History

You closely miss Snorg. You peck Snorg.
Snorg is heavily wounded.
Snorg barely misses you. x2; Snorg closely misses you.
You mangle Snorg!! Your peck misses Snorg.
Snorg is severely wounded.
Snorg bites you!! Snorg claws you!
* * * LOW HITPOINT WARNING * * *
Snorg claws you!
* * * LOW HITPOINT WARNING * * *
You mangle Snorg!! You claw Snorg!!
Snorg is almost dead.
Snorg misses you. Snorg claws you!
* * * LOW HITPOINT WARNING * * *
Snorg claws you.
* * * LOW HITPOINT WARNING * * *
Okay, then.
Okay, then.
Okay, then.
Snorg bites you!
You die...

..P.....P......#....P.P....#P.#..
##..#.P##.....##......P....######
...P...###....#......#....## #P
#......##....#.#..........# ...
........#...........#.P...# ..P
........#....P.#.P.#.#.P...# .
##.....#.#...#####..#.#....#
##..#...#....##..#...##... .
#.....##........@T....... ..
..#...####............... ..
......................... ..
......................... .
#........................
#........................
##.>.....................
#..#..P.##.....##..#.....
......#......


You could see Snorg (berserk).

Vanquished Creatures
  Rupert (Lair:5)
  A dire elephant (Lair:2)
  A red draconian (Volcano)
  A minotaur (Lab)
  A hydra (Lair:4)
  A centaur warrior (Volcano)
  5 two-headed ogres
  An unseen horror (D:11)
  Pikel (D:9)
  An ugly thing (D:9)
  2 manticores
  26 elephants
  An eye of devastation (Lair:5)
  Maurice (D:8)
  5 spiny frogs
  4 komodo dragons
  A rime drake (Lair:3)
  3 yaktaurs (Volcano)
  Prince Ribbit (D:8)
  A polar bear (Lair:5)
  A troll (D:9)
  13 blink frogs
  2 hippogriffs
  Sigmund (D:2)
  9 yaks
  A spriggan (Lair:2)
  A hungry ghost (Lab)
  3 nagas (Lair:3)
  Menkaure (D:5)
  7 water moccasins
  6 porcupines
  An ice beast (D:10)
  A sky beast (D:5)
  An orc warrior (D:7)
  An eye of draining (Lair:5)
  2 phantoms
  13 wolves
  2 ogres
  2 necrophages
  5 centaurs
  12 crocodiles
  10 bullfrogs
  A wyvern zombie (D:9)
  4 scorpions
  6 killer bees (D:9)
  4 electric eels (D:8)
  2 howler monkeys (D:8)
  4 lava snakes (Lab)
  A bullfrog zombie (D:6)
  A quasit (D:7)
  3 crimson imps
  8 hounds
  2 jellies
  2 orc priests
  2 orc wizards
  An iguana (D:9)
  11 worker ants
  A hound skeleton (D:5)
  A gnoll (D:7)
  5 adders
  4 shadow imps
  An ooze (D:1)
  An adder zombie (D:5)
  3 adder skeletons
  2 worms
  6 leopard geckos
  21 orcs
  6 giant cockroaches
  7 goblins
  9 hobgoblins
  7 jackals
  6 kobolds
  3 quokkas
  4 bats
  8 frilled lizards
  10 rats
  A plant (Lair:5)
312 creatures vanquished.

Vanquished Creatures (collateral kills)
  A troll (D:10)
1 creature vanquished.

Vanquished Creatures (others)
  2 blink frogs (Lair:5)
  55 fungi
  10 plants
67 creatures vanquished.

Grand Total: 380 creatures vanquished

Notes
Turn   | Place    | Note
-------+----------+-------------------------------------------
     0 | D:1      | grindst0ne the Troll Monk began the quest for the Orb.
     0 | D:1      | Reached XP level 1. HP: 22/22 MP: 0/0
   275 | D:1      | Reached XP level 2. HP: 28/29 MP: 1/1
   986 | D:2      | Reached XP level 3. HP: 30/36 MP: 2/2
   993 | D:2      | Reached skill level 4 in Unarmed Combat
  1003 | D:2      | Found a faded altar of an unknown god.
  1053 | D:2      | Noticed Sigmund
  1063 | D:2      | Killed Sigmund
  1063 | D:2      | Reached skill level 1 in Throwing
  1063 | D:2      | Reached skill level 5 in Unarmed Combat
  1063 | D:2      | Reached XP level 4. HP: 37/45 MP: 3/3
  1063 | D:2      | Reached XP level 5. HP: 43/53 MP: 4/4
  1334 | D:2      | Found a shimmering altar of Xom.
  1560 | D:2      | Found a sacrificial altar of Ru.
  1805 | D:2      | Found an opulent altar of Gozag.
  2401 | D:3      | Reached XP level 6. HP: 61/61 MP: 5/5
  2909 | D:4      | Found a staircase to the Ecumenical Temple.
  3009 | Temple   | Entered the Ecumenical Temple
  3092 | Temple   | Became a worshipper of Makhleb the Destroyer
  3092 | Temple   | Reached * piety under Makhleb
  3092 | Temple   | Reached ** piety under Makhleb
  3441 | D:5      | Entered Level 5 of the Dungeon
  3567 | D:5      | Noticed Menkaure
  3575 | D:5      | Killed Menkaure
  3575 | D:5      | Reached skill level 6 in Unarmed Combat
  3575 | D:5      | Reached XP level 7. HP: 70/70 MP: 6/6
  3895 | D:5      | Gained mutation: You are weak. (Str -2) [mutagenic meat]
  3896 | D:5      | Gained mutation: Your spells are a little harder to cast, but a little more powerful. [mutagenic meat]
  3897 | D:5      | Gained mutation: You expend magic power (3 MP) to strengthen your wands. [mutagenic meat]
  3898 | D:5      | Gained mutation: You are partially covered in slimy green scales. (AC +2) [mutagenic meat]
  3899 | D:5      | Gained mutation: You have an increased reservoir of magic. (+10% MP) [mutagenic meat]
  3956 | D:5      | Reached skill level 7 in Unarmed Combat
  4043 | D:5      | Found a blossoming altar of Fedhas.
  4185 | D:5      | Reached XP level 8. HP: 77/78 MP: 7/7
  4611 | D:6      | Found a glowing silver altar of Zin.
  5022 | D:7      | Reached skill level 5 in Fighting
  5115 | D:7      | Reached *** piety under Makhleb
  5115 | D:7      | Reached skill level 8 in Unarmed Combat
  5244 | D:7      | Found a deep blue altar of Sif Muna.
  5258 | D:7      | You fall through a shaft for 2 floors!
  5275 | D:9      | Noticed a cyan ugly thing
  5281 | D:9      | You fall through a shaft for 2 floors!
  5298 | D:11     | Killed an unseen horror
  5298 | D:11     | Reached skill level 5 in Throwing
  5298 | D:11     | Reached XP level 9. HP: 63/87 MP: 8/8
  5324 | D:11     | Noticed a manticore
  5336 | D:10     | Entered Level 10 of the Dungeon
  5336 | D:10     | Noticed a troll
  5351 | D:11     | Killed a manticore
  5351 | D:11     | Reached skill level 9 in Unarmed Combat
  5492 | D:10     | Killed a troll
  5686 | D:9      | Found a snail-covered altar of Cheibriados.
  5718 | D:9      | Killed a cyan ugly thing
  5718 | D:9      | Reached skill level 10 in Unarmed Combat
  5794 | D:9      | Gained mutation: You have a beak for a mouth. [mutagenic meat]
  5795 | D:9      | Gained mutation: You are frail. (-10% HP) [mutagenic meat]
  5796 | D:9      | Gained mutation: You have large cloven feet. [mutagenic meat]
  5807 | D:9      | Found a basalt altar of Yredelemnul.
  5809 | D:9      | Noticed a wind drake
  5810 | D:9      | a wind drake changed into a raiju
  5811 | D:9      | Noticed a seven-headed hydra
  5877 | D:9      | Noticed a two-headed ogre
  5880 | D:9      | Noticed a troll
  5931 | D:9      | HP: 6/121 [two-headed ogre/giant club (6)]
  5932 | D:9      | Killed a two-headed ogre
  5932 | D:9      | Reached XP level 10. HP: 19/89 MP: 10/10
  6106 | D:9      | Found a staircase to the Orcish Mines.
  6138 | D:9      | Noticed a manticore
  6138 | D:9      | a tarantella changed into a manticore
  6269 | D:9      | Noticed Pikel
  6274 | D:9      | Killed Pikel
  6309 | D:9      | Reached skill level 11 in Unarmed Combat
  6324 | D:9      | Noticed a two-headed ogre
  6331 | D:9      | Killed a two-headed ogre
  6428 | D:9      | Reached **** piety under Makhleb
  6457 | D:9      | Found an ornate altar of the Wu Jian Council.
  6770 | D:8      | Noticed a two-headed ogre
  6779 | D:8      | Killed a two-headed ogre
  6886 | D:8      | Found a shattered altar of Ashenzari.
  6894 | D:8      | Noticed a two-headed ogre
  7001 | D:8      | Killed a two-headed ogre
  7070 | D:8      | Noticed Prince Ribbit
  7078 | D:8      | Killed Prince Ribbit
  7078 | D:8      | Reached skill level 12 in Unarmed Combat
  7130 | D:8      | Noticed Maurice
  7143 | D:8      | Killed Maurice
  7148 | D:8      | Reached XP level 11. HP: 91/98 MP: 11/11
  7592 | D:8      | Noticed a two-headed ogre
  7661 | D:8      | Killed a two-headed ogre
  7702 | D:8      | Found a staircase to the Lair.
  7959 | D:7      | Found a stormy altar of Qazlal.
  8058 | D:7      | Found an ornate altar of the Wu Jian Council.
  8092 | D:7      | Reached ***** piety under Makhleb
  8154 | D:7      | Found an iron altar of Okawaru.
  8465 | Lair:1   | Entered Level 1 of the Lair of Beasts
  8483 | Lair:1   | Identified a scroll of acquirement
  8486 | Lair:1   | Got a heavily runed bone ring
  8487 | Lair:1   | Identified the ring of Raocirei {rCorr MR+} (You acquired it on level 1 of the Lair of Beasts)
  8563 | Lair:1   | Found a labyrinth entrance.
  8580 | Lab      | Entered a labyrinth
  8883 | Lab      | Noticed a minotaur
  8895 | Lab      | Killed a minotaur
  8956 | Lab      | Got a fabulously ornate robe
  8967 | Lab      | Identified the +2 robe "Gogiaggo" {rC+} (You found it in a labyrinth)
  9078 | Lair:1   | Reached skill level 13 in Unarmed Combat
  9895 | Lair:2   | Reached XP level 12. HP: 52/109 MP: 12/12
  9912 | Lair:2   | Found a dark tunnel.
 10007 | Volcano  | Entered a volcano
 10033 | Volcano  | Noticed a centaur warrior
 10042 | Volcano  | Found a radiant altar of Vehumet.
 10042 | Volcano  | Noticed a red draconian
 10047 | Volcano  | Killed a centaur warrior
 10068 | Volcano  | Killed a red draconian
 10068 | Volcano  | Reached skill level 14 in Unarmed Combat
 10127 | Volcano  | Reached skill level 5 in Dodging
 10393 | Lair:2   | Noticed a dire elephant
 10407 | Lair:2   | Killed a dire elephant
 10464 | Lair:2   | Reached skill level 15 in Unarmed Combat
 11032 | Lair:2   | Lost mutation: Your spells are a little harder to cast, but a little more powerful. [potion of mutation]
 11032 | Lair:2   | Lost mutation: You have large cloven feet. [potion of mutation]
 11032 | Lair:2   | Lost mutation: You are weak. (Str -2) [potion of mutation]
 11032 | Lair:2   | Lost mutation: You are frail. (-10% HP) [potion of mutation]
 11032 | Lair:2   | Lost mutation: You expend magic power (3 MP) to strengthen your wands. [potion of mutation]
 11032 | Lair:2   | Lost mutation: You have an increased reservoir of magic. (+10% MP) [potion of mutation]
 11032 | Lair:2   | Gained mutation: You are agile. (Dex +2) [potion of mutation]
 11032 | Lair:2   | Gained mutation: You are resistant to hostile enchantments. (MR+) [potion of mutation]
 11032 | Lair:2   | Gained mutation: You are covered in thick fur. (AC +2) [potion of mutation]
 11509 | Lair:3   | Found a staircase to the Snake Pit.
 11518 | Lair:3   | Reached ****** piety under Makhleb
 11518 | Lair:3   | Reached XP level 13. HP: 128/130 MP: 12/12
 11965 | Lair:4   | Found a staircase to the Shoals.
 12357 | Lair:4   | Got a brightly glowing robe
 12368 | Lair:4   | Identified the +2 robe "Kaytho" {Regen+} (You found it on level 4 of the Lair of Beasts)
 13003 | Lair:4   | Reached skill level 16 in Unarmed Combat
 13427 | Lair:5   | Found a staircase to the Slime Pits.
 13464 | Lair:5   | Noticed Rupert
 13478 | Lair:5   | Killed Rupert
 13512 | Lair:5   | Noticed Snorg
 13525 | Lair:5   | HP: 1/130 [Snorg (6)]
 13526 | Lair:5   | Slain by Snorg

Vault maps used:
D:1:      dpeg_arrival_round_c, minmay_hedge_maze
D:2:      old_standard_altar, marbit_many_paths,
          chequers_ecumenical_altar_simple_redux,
          nicolae_ru_the_path_less_chosen, uniq_sigmund
D:4:      minmay_temple_entry_crystal_x
D:5:      kennysheep_six_static_rooms, first_bread, fedhas_altar_fruit_tree,
          uniq_menkaure
D:6:      zin_statuary
D:7:      okawaru_altar_gauntlet_db, grunt_qazlal_sundering,
          lemuel_doored_altar, basic_altar
D:8:      erik_lair_island, basic_altar, uniq_maurice, uniq_prince_ribbit1
D:9:      kennysheep_mini, gammafunk_temple_overflow_arena, old_standard_altar,
          orc_0_dummy, uniq_pikel
D:10:     serial_bayou, serial_bayou_lagoon_b, serial_bayou_pond_b,
          serial_bayou_shore_b, serial_bayou_shore_b, serial_bayou_lagoon_a
D:11:     minmay_item_behind_shaft
Temple:   dshaligram_water_room_temple
Lair:1:   lab_entry_generic
Lair:2:   mu_elephants_graveyard, enter_volcano_2
Lair:3:   guppyfry_snake_entry_garden
Lair:4:   minmay_shoals_entry_beasts, eino_small_chamber_without_monster,
          st_stairs_12
Lair:5:   minmay_slime_entry_eyes, uniq_rupert, uniq_snorg
Lab:      labyrinth_spiral, nicolae_lab_big_swirl, nicolae_lab_stuck,
          labyrinth_lava_lair, nicolae_lab_do_over, labyrinth_skeletal_remains
Volcano:  kennysheep_volcano_temple

Skill      XL: |  1  2  3  4  5  6  7  8  9 10 11 12 13 |
---------------+----------------------------------------+-----
Unarmed Combat | 5 6 7 8 10 12 13 15 16 | 16.7
Fighting       | 3 4 5 6 7 8 |  8.9
Throwing       | 1 2 3 4 5 6 7 8 |  8.0
Dodging        | 4 6 7 |  7.8
Stealth        | |  1.0

Action                   |  1- 3 |  4- 6 |  7- 9 | 10-12 | 13-15 || total
-------------------------+-------+-------+-------+-------+-------++-------
Melee: Unarmed           |    59 |   135 |   163 |   499 |   144 ||  1000
       Punch             |       |     2 |     8 |    38 |    14 ||    62
       Kick              |       |       |     2 |   141 |       ||   143
       Peck              |       |       |       |   104 |    38 ||   142
Throw: Large rock        |       |       |       |    12 |    16 ||    28
Invok: Lesser Servant of |       |       |     1 |     1 |       ||     2
  Use: Scroll            |       |       |    17 |    19 |     1 ||    37
       Potion            |       |       |     3 |     7 |     3 ||    13
 Stab: Sleeping          |     4 |     1 |       |     2 |       ||     7
       Distracted        |       |       |       |     2 |       ||     2
  Eat: Chunk             |    15 |    20 |    26 |    57 |    19 ||   137
       Bread ration      |       |       |       |     1 |       ||     1
Armor: Robe              |    16 |    49 |    60 |   152 |   108 ||   385
       Skin              |       |       |    16 |     5 |       ||    21
Dodge: Dodged            |    36 |    64 |    83 |   239 |   182 ||   604
